 Dungeon Crawl Stone Soup version 0.18.1-48-g4cf74bf (webtiles) character file.

107 hannobal the Chiller (level 4, 0/29 HPs)
             Began as an Octopode Ice Elementalist on June 28, 2016.
             Slain by a white imp (3 damage)
             ... summoned by Natasha
             ... on level 3 of the Dungeon.
             The game lasted 00:08:16 (3088 turns).

hannobal the Chiller (Octopode Ice Elementalist)    Turns: 3088, Time: 00:08:17

Health: 0/29       AC:  3    Str:  7    XL:     4   Next: 85%
Magic:  5/7        EV: 12    Int: 18    God:
Gold:   106        SH:  0    Dex: 12    Spells: 3 memorised, 1 level left

rFire  . . .     SeeInvis .     b - +0 hunting sling
rCold  . . .     Gourm    .     (no shield)
rNeg   . . .     Faith    .     (helmet restricted)
rPois  .         Spirit   .     (no amulet)
rElec  .         Dismiss  .     p - ring of sustain attributes
rCorr  .         Reflect  .     q - ring of loudness (curse)
SustAt +         Harm     .     (no ring)
MR     +....                    (no ring)
Stlth  ++........               (no ring)
                                (no ring)
                                (no ring)
                                (no ring)

@: somewhat resistant to hostile enchantments, unstealthy
A: almost no armour, amphibious, 8 rings, constrict 8, slimy green scales 1,
camouflage 1, magic resistance 1, robust 1, gelatinous body 1
a: no special abilities


You were on level 3 of the Dungeon.
You were not hungry.

You visited 1 branch of the dungeon, and saw 3 of its levels.

You collected 106 gold pieces.

Inventory:

Hand Weapons
 a - a +0 spear
 b - a +0 hunting sling (weapon)
 i - a +0 hand axe
 j - a +0 flail
 t - a +0 mace
Missiles
 e - 16 arrows
 f - 63 stones (quivered)
 g - 28 sling bullets
 o - 21 poisoned needles
Jewellery
 p - a ring of sustain attributes (left tentacle)
 q - a cursed ring of loudness (right tentacle)
Wands
 r - a wand of confusion (29/48)
Scrolls
 k - a scroll of identify
 l - a scroll of immolation
 m - a scroll of enchant armour
 s - 2 scrolls of noise
 u - a scroll of fear {unknown}
 v - a scroll of recharging
Books
 c - a book of Frost

   Spells                             Type                      Level
   a - Freeze                         Ice                          1
   b - Throw Frost                    Conjuration/Ice              2
   c - Ozocubu's Armour               Charms/Ice                   3
   d - Throw Icicle                   Conjuration/Ice              4
   e - Summon Ice Beast               Ice/Summoning                4
Comestibles
 d - a royal jelly
 n - 2 bread rations


   Skills:
 - Level 2.0 Dodging
 - Level 3.0 Stealth
 + Level 2.0 Spellcasting
 - Level 1.0 Conjurations
 - Level 1.0 Charms
 - Level 5.1 Ice Magic


You had one spell level left.
You knew the following spells:

 Your Spells              Type           Power        Failure   Level  Hunger
o - Ozocubu's Armour      Chrm/Ice       ##......     17%         3    ###....
t - Throw Frost           Conj/Ice       ##....       10%         2    ###....
z - Freeze                Ice            ###.         1%          1    #......


Dungeon Overview and Level Annotations

Branches:
Dungeon (3/15)

Altars:

Annotations:
D:3 Natasha


Innate Abilities, Weirdness & Mutations

You cannot wear most types of armour.
You are amphibious.
You can wear up to eight rings at the same time.
You can use your tentacles to constrict eight enemies at once.
Your skin changes colour to match your surroundings (Stealth).
Your rubbery body absorbs attacks (AC +1).
You are partially covered in slimy green scales (AC +2).
You are resistant to hostile enchantments.
You are robust (+10% HP).


Message History

You freeze the white imp.
The white imp resists.
The white imp is lightly wounded.
Natasha stares at you and mumbles some strange words.
The magic dart hits you! The white imp gestures at you.
The puff of frost hits you!
* * * LOW HITPOINT WARNING * * *
You aren't carrying any potions.
Natasha drinks a potion.
Natasha seems to grow stronger.
Casting: Freeze
Confirm with . or Enter, or press ? or * to list all spells.
Aiming: Freeze
Press: ? - help, Shift-Dir - straight line, f - Natasha, p - white imp
Aim: Natasha (unusually strong)
You freeze Natasha.
Natasha is lightly wounded.
Natasha barely misses you. The white imp hits you.
* * * LOW HITPOINT WARNING * * *
The white imp freezes you.
You die...

.#
#......(.............
##
#.......(..##........
#
##.#.####(.......#...
# #..#. #.......##.##
#.##. #$).>...# # ###
..## #.......# ..#
#.# ##.......#
#.##..# #$.......#
.....# #..5@....#
#....####.#
#..h..####
#..<.............##
..######..........
#................##
#.######.........#
... .........# ....
...#..... .....


You could see Natasha and a white imp.

Vanquished Creatures
  Natasha (D:3)
  An adder (D:3)
  An ooze (D:2)
  2 dart slugs
  A worm (D:2)
  A giant gecko (D:3)
  4 orcs (D:3)
  6 bats
  2 giant cockroaches (D:1)
  9 goblins
  9 hobgoblins
  3 jackals (D:1)
  2 quokkas (D:3)
  2 giant newts (D:1)
  5 kobolds
  4 rats
53 creatures vanquished.

Notes
Turn   | Place    | Note
--------------------------------------------------------------
     0 | D:1      | hannobal the Octopode Ice Elementalist began the quest for the Orb.
     0 | D:1      | Reached XP level 1. HP: 11/11 MP: 3/3
   236 | D:1      | Reached XP level 2. HP: 17/17 MP: 3/5
   240 | D:1      | Learned a level 2 spell: Throw Frost
   823 | D:1      | Reached skill level 4 in Ice Magic
   823 | D:1      | Reached XP level 3. HP: 21/21 MP: 3/6
   832 | D:1      | Learned a level 3 spell: Ozocubu's Armour
  1353 | D:2      | Reached skill level 1 in Charms
  1422 | D:2      | Gained mutation: You are robust (+10% HP). [potion of mutation]
  1422 | D:2      | Gained mutation: You are resistant to hostile enchantments. [potion of mutation]
  1422 | D:2      | Gained mutation: You are partially covered in slimy green scales (AC +2). [potion of mutation]
  2266 | D:3      | Noticed Natasha
  2372 | D:3      | Found a faded altar to an unknown god.
  2435 | D:3      | Reached XP level 4. HP: 24/29 MP: 4/7
  2947 | D:3      | Killed Natasha
  2947 | D:3      | Reached skill level 5 in Ice Magic
  3082 | D:3      | Noticed Natasha
  3088 | D:3      | Slain by a white imp

Skill      XL: |  1  2  3  4 |
---------------+-------------+-----
Stealth        | 3 |  3.0
Ice Magic      | 4 5 |  5.1
Charms         | 1 |  1.0
Dodging        | |  2.0
Spellcasting   | |  2.0
Conjurations   | |  1.0

Action                   |  1- 3 |  4- 6 || total
-------------------------+-------+-------++-------
Melee: Constrict         |     2 |       ||     2
       Tentacles         |     2 |       ||     2
       Unarmed           |     1 |       ||     1
       Spear             |     5 |       ||     5
 Fire: Hunting sling     |       |     2 ||     2
 Cast: Freeze            |    69 |    24 ||    93
       Ozocubu's Armour  |     4 |     1 ||     5
  Use: Scroll            |     7 |     1 ||     8
       Potion            |     7 |     2 ||     9
 Stab: Sleeping          |     2 |       ||     2
  Eat: Chunk             |     5 |     3 ||     8
       Beef jerky        |     1 |       ||     1
Armor: Skin              |     6 |     5 ||    11
Dodge: Dodged            |    46 |    10 ||    56
